Map: Givre EC

Players

Worming - Winner!

  • Race: Zerg Zerg
  • League: Diamond

spacegeek

  • Race: Terran Terran

VOD

Have the link to the VOD?

Description

Time

  • Played on: July 18, 2016, 7:08 a.m.
  • Length: 11:13
Show
View Real Time Build Order
Export as new Build Order

Worming Zerg - Winner!

Build Orders: Hatch First 

Get SALT Encoding   

  12  0:01  Drone  
  13  0:14  Overlord  
  13  0:19  Drone  
  14  0:32  Drone x2  
  16  0:36  Drone  
  17  0:53  Hatchery  
  16  0:57  Drone  
  17  1:05  Drone  
  17  1:07  Extractor  
  17  1:21  Spawning Pool  
  17  1:22  Drone  
  17  1:24  Drone  
  18  1:29  Drone  
  19  1:41  Drone  
  20  1:52  Overlord  
  20  2:07  Queen x2  
  25  2:08  Zergling x2  
  25  2:11  Metabolic Boost  
  25  2:16  Drone  
  25  2:19  Drone  
  25  2:21  Drone  
  28  2:32  Drone x2  
  30  2:42  Drone x2  
  32  2:47  Overlord  
  32  2:59  Drone x3  
  35  3:10  Drone x2  
  37  3:18  Drone x6  
  43  3:20  Hatchery  
  43  3:21  Overlord  
  42  3:30  Baneling Nest  
  41  3:37  Extractor x2  
  39  3:43  Overlord  
  39  3:44  Overlord  
  39  3:52  Evolution Chamber  
  39  3:53  Drone, Evolution Chamber  
  39  3:54  Drone x2  
  39  3:55  Drone x3  
  43  3:58  Lair  
  43  4:12  Zergling x2  
  43  4:13  Zergling x4  
  46  4:18  Zerg Melee Weapons Level 1  
  46  4:19  Drone x2  
  48  4:37  Zerg Ground Armor Level 1  
  48  4:40  Drone x9  
  57  4:57  Overlord x2  
  57  4:58  Queen x2  
  57  4:59  Centrifical Hooks  
  61  5:02  Zergling x10  
  66  5:20  Pneumatized Carapace  
  66  5:30  Zergling x14  
  66  5:31  Zergling x6  
  76  5:35  Burrow  
  75  5:50  Baneling x7  
  75  5:58  Overlord x2  
  75  6:00  Extractor  
  75  6:01  Extractor  
  75  6:03  Drone, Extractor  
  75  6:04  Drone x2  
  75  6:05  Drone x3  
  75  6:06  Drone x3  
  81  6:14  Zerg Melee Weapons Level 2  
  81  6:17  Zergling x12  
  87  6:42  Overlord x3  
  87  6:43  Overlord x2  
  87  6:48  Drone x2, Infestation Pit  
  87  6:49  Drone x5, Spire  
  89  7:03  Zerg Ground Armor Level 2  
  89  7:04  Hatchery  
  88  7:26  Hive  
  88  7:27  Overlord x2  
  88  7:28  Zergling x2, Overlord x2  
  88  7:29  Zergling x16  
  90  8:06  Drone x2  
  90  8:07  Drone x11  
  103  8:29  Overlord  
  103  8:30  Overlord  
  103  8:31  Overlord  
  103  8:32  Overlord  
  103  8:37  Baneling x2  
  103  8:38  Baneling x5  
  103  8:40  Adrenal Glands  
  103  8:41  Ultralisk Cavern  
  102  8:50  Greater Spire  
  102  9:10  Extractor  
  102  9:11  Extractor  
  100  9:27  Chitinous Plating  
  100  9:30  Corruptor x7  
  100  9:31  Corruptor  
  113  10:01  Pathogen Glands  
  113  10:06  Corruptor x4  
  113  10:07  Corruptor  
  127  10:14  Brood Lord x2  
  127  10:16  Brood Lord x2  
  127  10:18  Zergling x30  
  127  10:19  Zergling x22  
  157  10:21  Hatchery  
  157  10:23  Queen x2  
  160  10:34  Brood Lord  
Show
View Real Time Build Order
Export as new Build Order

spacegeek Terran 

Build Orders:  

Get SALT Encoding   

  12  0:15  SCV  
  13  0:38  SCV  
  14  0:49  Supply Depot  
  14  0:50  SCV  
  15  1:08  Refinery  
  15  1:10  SCV  
  16  1:11  Barracks  
  16  1:55  SCV  
  17  2:01  Marine  
  17  2:02  Supply Depot  
  17  2:06  Barracks  
  18  2:10  Refinery, SCV  
  19  2:29  Marine, SCV  
  21  2:42  Orbital Command  
  21  3:04  Marine x2  
  23  3:09  SCV, Factory  
  24  3:50  Marine x2  
  26  3:57  Starport, SCV  
  27  4:06  Command Center  
  27  4:08  Barracks Tech Lab  
  27  4:13  Barracks Reactor  
  27  4:16  Factory Tech Lab  
  27  4:27  SCV  
  28  4:41  Marauder  
  28  4:42  Stimpack  
  30  4:51  Starport Reactor  
  30  5:12  Marine  
  31  5:18  Cyclone, SCV, Marine  
  37  5:53  Marine x2  
  39  6:13  Orbital Command  
  39  6:14  SCV  
  39  6:16  Marine  
  39  6:17  Marine x2  
  43  6:20  Hellion  
  45  6:26  Supply Depot, SCV  
  46  6:47  Medivac x2  
  46  6:52  SCV x2  
  52  6:56  Hellion  
  54  7:01  Supply Depot  
  54  7:06  Marine  
  54  7:22  Marine x2  
  56  7:36  Engineering Bay  
  56  7:38  Medivac  
  56  7:39  Medivac  
  34  7:59  Marine x2  
  34  8:03  Marine  
  37  8:18  Liberator  
  37  8:27  Marine  
  37  8:28  Marine x2  
  37  8:32  Hellion x2  
  47  9:20  Marine  
  47  9:21  Marine  
  47  9:22  Marine  
  50  9:42  Hellion x2  
  54  9:49  Liberator  
  54  10:05  Hellion  
  54  10:06  Hellion  
  61  10:07  Supply Depot, Marine  
  62  10:17  Orbital Command  
  62  10:28  Marine x2  
Tags
 
League
Diamond
Matchup
TvZ
Replay Pack
replay pack
Add a new tag
Caveats
  • Supply blocks, unpowered buildings, or Contaminate may cause inaccurate times.
  • Supply counts are checked every 10 seconds.